 Dungeon Crawl Stone Soup version 0.30.1-11-g7821555f0a (webtiles) character file.

Game seed: 1334724616734403045

69 Nonny the Cutter (level 4, -4/24 HPs)
             Began as a Spriggan Cinder Acolyte on Nov 11, 2023.
             Was a High Priest of Ignis.
             Slain by a gnoll
             ... wielding a +0 club
              (6 damage)
             ... on level 3 of the Dungeon.
             The game lasted 00:07:12 (2630 turns).

Nonny the Cutter (Spriggan Cinder Acolyte)          Turns: 2630, Time: 00:07:12

Health: -4/24      AC:  2    Str: 10    XL:     4   Next: 2%
Magic:  7/7        EV: 15    Int: 15    God:    Ignis [*****.]
Gold:   148        SH:  0    Dex: 12    Spells: 5/5 levels left

rFire   + . .        a - -1 short sword (flame)
rCold   . . .        (no shield)
rNeg    . . .        b - +0 robe
rPois   .            (helmet restricted)
rElec   .            (no cloak)
rCorr   .            (gloves unavailable)
SInv    +            (boots unavailable)
Will    .....        (no amulet)
Stlth   ++           o - +4 ring of slaying
HPRegen 0.24/turn    (no ring)
MPRegen 0.10/turn

%: no passive effects
@: very quick
A: very small, no large weapons, unfitting armour, see invisible, speed 3
a: Renounce Religion, Fiery Armour, Foxfire Swarm, Rising Flame


You were on level 3 of the Dungeon.
You worshipped Ignis.
Ignis was extremely pleased with you.
You visited 2 branches of the dungeon, and saw 5 of its levels.

You collected 148 gold pieces.

Inventory:

Hand Weapons
 a - a -1 short sword of flaming (weapon)
 i - a +0 dagger
Missiles
 k - 6 poisoned darts (quivered)
Armour
 b - a +0 robe (worn)
Jewellery
 o - a +4 ring of slaying (left hand)
Scrolls
 e - a scroll of fog {unknown}
 g - a scroll of fear {unknown}
 h - 3 scrolls of teleportation
 j - a scroll of vulnerability {unknown}
 l - a scroll of enchant armour {unknown}
 m - a scroll of enchant weapon {unknown}
 n - 3 scrolls of amnesia {unknown}
Potions
 c - a potion of resistance {unknown}
 d - 2 potions of might {unknown}
 f - a potion of attraction {unknown}


   Skills:
 - Level 3.0 Fighting
 + Level 4.5 Short Blades
 + Level 2.2 Stealth
 - Level 1.3 Spellcasting
 - Level 2.4 Fire Magic


You had 5 spell levels left.
You didn't know any spells.
Your spell library contained the following spells:

 Spells                   Type           Power      Damage    Failure   Level
 Scorch                   Fire           16%        2d5       13%         2
 Frozen Ramparts          Ice            2%         1d1       56%         3
 Stone Arrow              Conj/Erth      2%         3d7       56%         3
 Vampiric Draining        Necr           1%         2d6       56%         3
 Animate Armour           Summ/Erth      2%         N/A       93%         4
 Ice Form                 Ice/Tmut       1%         N/A       93%         4
 Summon Ice Beast         Ice/Summ       1%         N/A       93%         4
 Borgnjor's Vile Clutch   Necr/Erth      0%         N/A       100%        5


Dungeon Overview and Level Annotations

Branches:
Dungeon (4/15)             Temple (1/1) D:4

Altars:
Cheibriados
Elyvilon
Gozag
Makhleb
Nemelex Xobeh
Qazlal
Ru
Sif Muna
Trog
Uskayaw
Vehumet
Wu Jian
Xom
Yredelemnul
Zin
The Shining One

Annotations:
D:3 Sigmund
D:4 2 transporters, foxicus's ghost, novice HOFi


Innate Abilities, Weirdness & Mutations

You are very small and have problems with some larger weapons.
You are too small for most types of armour.
You have supernaturally acute eyesight. (SInv)
You cover ground extremely quickly. (Speed+++)


Message History

Things that are here:
a jackal corpse; a jackal corpse
o - a +4 ring of slaying
o - a +4 ring of slaying (left hand)
Your movement speed is very quick.
Your attack delay is about 0.7.
Your damage rating with your -1 short sword of flaming is about 9 (Base 5 x 105% (Dex) x 114% (Skill) + 3 (Ench + Slay)).
HP restored.
You open the door.
There is an open door here.
You open the door.
An iguana, an endoplasm, a worm and a scorpion come into view.
Found a scroll labelled XUTUOGR KIFA.
The iguana hisses angrily.
You barely miss the worm.
The endoplasm quivers.
The worm bites you.
You hit the worm. You burn the worm.
The worm is lightly wounded.
You hit the worm. You burn the worm.
The worm is moderately wounded.
You hit the worm. You burn the worm.
The worm is severely wounded.
The worm bites you!
Ouch! That really hurt!
You hit the worm. You burn the worm.
You kill the worm!
You have reached level 4!
You aren't carrying any items that you can evoke.
There is a stone staircase leading up here.
You climb upwards.
Level annotation: Sigmund The gnoll hits you with a +0 club! x2
* * * LOW HITPOINT WARNING * * *
The dart slug launches a dart at you. The slug dart misses you.
There is a stone staircase leading down here.
The gnoll hits you with a +0 club.
* * * LOW HITPOINT WARNING * * *
The gnoll hits you with a +0 club.
You die...

##.## .# #...# .
#...######w.
#.........# #
####....####.# # #
........g..#.###..##
##
....................
.#
#..........g#.####..
.. ###.#..@...g@.#
.# #.#...#.##### ##
# #...#.# ##.
#...#.# ... ##.##.#
### .. ..#


You could see Sigmund, 3 gnolls and a dart slug.

Vanquished Creatures
  2 adders
  2 worms (D:4)
  A dart slug (D:1)
  4 ball pythons
  A bat (D:2)
  4 endoplasms
  2 giant cockroaches
  3 goblins
  6 hobgoblins
  3 jackals (D:4)
  2 quokkas (D:2)
  A frilled lizard (D:2)
  4 kobolds
  3 rats
38 creatures vanquished.

Notes
Turn   | Place    | Note
-------+----------+-------------------------------------------
     0 | D:1      | Nonny the Spriggan Cinder Acolyte began the quest for the
                  | Orb.
     0 | D:1      | Reached XP level 1. HP: 11/11 MP: 3/3
    83 | D:1      | Got the Spellbook of Felsic Corpses
   237 | D:1      | Found a faded altar of an unknown god.
   470 | D:1      | Reached XP level 2. HP: 16/16 MP: 5/5
  1136 | D:2      | Reached skill level 4 in Short Blades
  1136 | D:2      | Reached skill level 1 in Stealth
  1136 | D:2      | Reached XP level 3. HP: 19/19 MP: 6/6
  1734 | D:3      | Noticed Sigmund
  1854 | D:4      | Found a transporter.
  1910 | D:4      | Found a transporter.
  1929 | D:4      | Noticed foxicus's ghost (novice HOFi)
  2037 | D:4      | Found a staircase to the Ecumenical Temple.
  2051 | D:4      | Temple entrance in the north.
  2053 | Temple   | Entered the Ecumenical Temple
  2247 | Temple   | Huge temple! The squares and diamonds.
  2590 | D:4      | Noticed a scorpion
  2597 | D:4      | Reached XP level 4. HP: 12/24 MP: 7/7
  2630 | D:3      | Slain by a gnoll

Illustrated notes # .. ## #....##### .>. +.)......# #.## ##.##.##.## ... ###.........#### ... #.............). #.###.#..⌠..(⌠..# #.†.#.#.....@...#.. #######........>........ ..........#........?#... #########.#..⌠...⌠..# # # #.........[.... ## #.#.........### .. #..##.##.##.## . #........# .# ..#########.######## Turn 2051 on D:4: Temple entrance in the north.

.................................
.##.........#.......#.........##.
####≈.....≈###.....###≈.....≈####
# ##.....#####...#####.....## # #
##...###≈≈.....≈≈###...## # ##
##.....##≈≈.....≈≈##.....## ##
.###.......#.........#.......###.
.................................
......._........@........_.......
.................................
.###.......#.........#.......###.
## ##.....##≈≈.....≈≈##.....## ##
# ##...###≈≈.....≈≈###...## # #
##.....#####...#####.....## #
####≈.....≈###.....###≈.....≈####
.##.........#.......#.........##.
.................................


Turn 2247 on Temple: Huge temple! The squares and diamonds.

Levels and vault maps discovered:
D:1:      dpeg_arrival_erosion, layout_basic, ebering_ecumenical_altar_rust
D:2:      layout_loops_cross
D:3:      layout_loops_cross, uniq_sigmund
D:4:      cheibrodos_barr_body, layout_basic, minmay_temple_entry_large_hall,
          gammafunk_ghost_gnarly_gnolls, grunt_ministairs_3
Temple:   nicolae_temple_slightly_damp_pantheon

Skill      XL: |  1  2  3 |
---------------+----------+-----
Short Blades   | 4 |  4.5
Stealth        | 1 2 |  2.2
Fighting       | 3 |  3.0
Spellcasting   | |  1.3
Fire Magic     | |  2.4

Action                     |  1- 3 |  4- 6 || total
---------------------------+-------+-------++-------
  Melee: Short sword       |   149 |       ||   149
         Punch             |     3 |       ||     3
         Dagger            |    10 |       ||    10
    Use: Scroll            |     2 |       ||     2
   Stab: Sleeping          |     4 |       ||     4
 Armour: Robe              |    10 |       ||    10
  Dodge: Dodged            |   103 |     1 ||   104
